 Dungeon Crawl Stone Soup version 0.30-a0-137-gd8773701ce (webtiles) character file.

Game seed: 7051380050619128185

94 KennySheep the Sneak (level 4, -1/36 HPs)
             Began as a Demigod Brigand on Sept 24, 2022.
             Constricted to death by Ijyb (7 damage)
             ... on level 3 of the Dungeon.
             The game lasted 00:08:05 (2606 turns).

KennySheep the Sneak (Demigod Brigand)              Turns: 2606, Time: 00:08:06

Health: -1/36      AC:  3    Str: 12    XL:     4   Next: 16%
Magic:  6/6        EV:  9    Int: 13    God:
Gold:   33         SH:  0    Dex: 19    Spells: 3/3 levels left

rFire   . . .      SeeInvis .    a - +2 dagger
rCold   . . .      Faith    .    (no shield)
rNeg    . . .      Spirit   .    b - +0 robe
rPois   .          Reflect  .    (no helmet)
rElec   .          Harm     .    c - +0 cloak
rCorr   .          Rampage  .    (no gloves)
Will    .....                    (no boots)
Stlth   +++.......               (no amulet)
HPRegen 0.12/turn                (no ring)
MPRegen 0.10/turn                (no ring)

@: grasped by roots, constricted
A: high MP 1, forlorn, divine attributes
a: no special abilities


You were on level 3 of the Dungeon.
You visited 1 branch of the dungeon, and saw 3 of its levels.

You collected 99 gold pieces.
You spent 66 gold pieces at shops.

Inventory:

Hand Weapons
 a - a +2 dagger (weapon)
Missiles
 d - 9 poisoned darts (quivered)
 e - 3 curare-tipped darts
Armour
 b - a +0 robe (worn)
 c - a +0 cloak (worn)
Jewellery
 f - a +4 ring of slaying
Scrolls
 i - a scroll of fog {unknown}
 k - 3 scrolls of poison
 l - a scroll of silence {unknown}
 m - a scroll of enchant armour {unknown}
 n - a scroll of identify {unknown}
 o - a scroll of enchant weapon {unknown}
Potions
 g - 2 potions of curing
 h - 2 potions of invisibility {unknown}
 j - a potion of cancellation {unknown}


   Skills:
 + Level 2.3 Fighting
 * Level 2.8 Short Blades
 - Level 1.7 Throwing
 + Level 1.7 Dodging
 * Level 4.3 Stealth


You had 3 spell levels left.
You didn't know any spells.
Your spell library contained the following spells:

 Spells                   Type           Power      Damage    Failure   Level
 Olgreb's Toxic Radiance  Pois           0%         N/A       97%         4
 Ozocubu's Refrigeration  Ice            0%         4d7       100%        7
 Ignition                 Fire           0%         3d3       100%        8


Dungeon Overview and Level Annotations

Branches:
Dungeon (3/15)

Shops:
D:2 [*=[!

Annotations:
D:2 exclusion: downstairs
D:3 Ijyb, Sigmund, Terence


Innate Abilities, Weirdness & Mutations

You have an increased reservoir of magic. (+10% MP)
You shall have no god before yourself.
Your divine heritage dramatically boosts your attributes as you level up.


Message History

The adder bites you.
You closely miss the adder.
The adder is severely wounded.
The adder closely misses you.
You hit the adder.
The adder is almost dead.
The adder bites you.
You barely miss the adder.
The adder is almost dead.
The adder barely misses you. The adder bites you.
You hit the adder.
You kill the adder!
A giant cockroach comes into view.
There is a stone staircase leading up here.
Ijyb shouts!
You see here an adder corpse.
The giant cockroach bites you.
Ijyb zaps a wand.
The roots erupt in riotous growth!
The grasping roots grab you!
The giant cockroach is unaffected.
The grasping roots constrict you.
* * * LOW HITPOINT WARNING * * *
You hear a shout!
You escape the roots grasp.
The giant cockroach bites you but does no damage.
Ijyb zaps a wand.
The roots erupt in riotous growth!
The grasping roots grab you!
The giant cockroach is unaffected.
The grasping roots constrict you.
* * * LOW HITPOINT WARNING * * *
The giant cockroach bites you.
* * * LOW HITPOINT WARNING * * *
You hear a shout!
You escape the roots grasp.
The giant cockroach attacks as you move away!
The giant cockroach bites you but does no damage.
Ijyb screams, "Get away!"
Ijyb zaps a wand.
The roots erupt in riotous growth!
The grasping roots grab you!
The giant cockroach is unaffected.
Ijyb is unaffected.
The grasping roots constrict you!
You die...

#### #. ... #. .. . . #
#. .# #.. .
#.#.##g###..#.. # .
#.#.#@.......$..#. .
####....B#....... ...##
. ................. .@.
.
####.$†#######..#.#.#.#.
#........<# #...So<.
#....###### ###.#...
###### #... .... #..#.


You could see Ijyb and a giant cockroach.

Vanquished Creatures
  Jessica (D:2)
  3 adders
  A dart slug (D:2)
  An orc (D:3)
  5 ball pythons
  4 endoplasms (D:1)
  A giant cockroach (D:3)
  3 goblins
  7 hobgoblins
  2 quokkas
  2 bats
  A frilled lizard (D:1)
  5 kobolds
  A rat (D:2)
37 creatures vanquished.

Notes
Turn   | Place    | Note
-------+----------+-------------------------------------------
     0 | D:1      | KennySheep the Demigod Brigand began the quest for the Orb.
     0 | D:1      | Reached XP level 1. HP: 17/17 MP: 3/3
    81 | D:1      | You fall into a shaft and drop 1 floor!
   330 | D:1      | Reached skill level 1 in Dodging
   644 | D:1      | Reached XP level 2. HP: 24/24 MP: 4/4
   893 | D:2      | Found Netsa's Distillery.
   901 | D:2      | Bought 2 potions of curing for 66 gold pieces
   922 | D:2      | Reached skill level 4 in Stealth
  1244 | D:2      | Found Tanes's General Store.
  1259 | D:2      | Reached XP level 3. HP: 29/29 MP: 5/5
  1280 | D:2      | Found Uteadibu's Armour Emporium.
  1324 | D:2      | Noticed Jessica
  1326 | D:2      | Found Leehiq's Jewellery Shop.
  1331 | D:2      | Killed Jessica
  1351 | D:2      | Found Giaged's Antique Armour Shoppe.
  1893 | D:3      | Noticed Sigmund
  1894 | D:3      | Noticed Ijyb
  2409 | D:3      | Reached XP level 4. HP: 31/36 MP: 6/6
  2451 | D:3      | Noticed Terence
  2606 | D:3      | Constricted to death by Ijyb

Illustrated notes

Levels and vault maps discovered:
D:1:      matt_arrival_grand_opening, layout_loops_corners,
          shapermc_ecumenical_altar_pompeii, minmay_misc_feat_hallway
D:2:      layout_loops_ring, serial_shops, nicolae_shop_behind_doors, shop,
          shop, shop, nicolae_shop_waterfront, glass_columns_a, uniq_jessica
D:3:      layout_basic, uniq_natasha, uniq_sigmund, uniq_ijyb,
          uniq_crazy_yiuf_cottage, uniq_terence

Skill      XL: |  1  2 |
---------------+-------+-----
Dodging        | 1 |  1.7
Short Blades   | 2 |  2.8
Fighting       | 2 |  2.3
Stealth        | 4 |  4.3
Throwing       | |  1.7

Action                   |  1- 3 |  4- 6 || total
-------------------------+-------+-------++-------
Melee: Dagger            |    86 |    24 ||   110
  Use: Potion            |     1 |       ||     1
       Scroll            |     1 |       ||     1
 Stab: Sleeping          |    13 |       ||    13
Armor: Robe              |    13 |    14 ||    27
Dodge: Dodged            |    48 |    31 ||    79

Table legend: (Time is in decaauts)
 A = Elapsed time spent in this place.
 B = Non-inter-level travel time spent in this place.
 C = Inter-level travel time spent in this place.
 D = Time resting spent in this place.
 E = Time spent auto-exploring this place.
 F = Levels seen in this place.
 G = Mean time per level.
                   A        B        C        D        E       F      G
               +--------+--------+--------+--------+--------+-----+--------+
         Total |   2594 |   2487 |    107 |    626 |   1421 |   3 |  864.7 |
       Dungeon |   2594 |   2487 |    107 |    626 |   1421 |   3 |  864.7 |
               +--------+--------+--------+--------+--------+-----+--------+

Top non-repeatable levels by time:
     D:2: 1471 daAuts
     D:1: 810 daAuts
     D:3: 313 daAuts
